TOP OF THE 1ST |
Trenton Thunder batting - Pitching for Corpus Christi Hooks : RHP Michael Bruce
|
Pitching: RHP Michael Bruce
|
|
Batting: RHB Phil Reeves
|
0-0: Swinging Strike 0-1: Ball 1-1: Ground out 6-3 (Groundball, 56, EV 101.9 MPH)
|
Batting: RHB Alex Colon
|
0-0: Called Strike 0-1: Called Strike 0-2: Foul Ball, location: 2F 0-2: Strikes out swinging
|
Batting: LHB Bobby Upton
|
0-0: Ball 1-0: Foul Ball, location: 2F 1-1: Foul Ball, location: 2F 1-2: Foul Ball, location: 2F 1-2: Ball 2-2: SINGLE (Groundball, 4MD, EV 101.9 MPH)
|
Batting: RHB Jose Tovar
|
0-0: Called Strike Bobby Upton steals 2nd base 0-1: Ball 1-1: Foul Ball, location: 2F 1-2: Ball 2-2: Fly out, F8 (Flyball, 8LD, EV 96.9 MPH)
|
Top of the 1st over - 0 runs, 1 hit, 0 errors, 1 left on base; Trenton 0 - Corpus Christi 0 |
BOTTOM OF THE 1ST |
Corpus Christi Hooks batting - Pitching for Trenton Thunder : LHP Omar Quinones
|
Pitching: LHP Omar Quinones
|
|
Batting: RHB Edgar Trejo
|
0-0: Ball 1-0: Foul Ball, location: 2F 1-1: Ball 2-1: Foul Ball, location: 2F 2-2: SINGLE (Line Drive, 56, EV 105.0 MPH)
|
Batting: RHB Workneh Lagat
|
0-0: Foul Ball, location: 2F 0-1: SINGLE (Line Drive, 9S, EV 107.5 MPH) Edgar Trejo to second
|
Batting: RHB Matthew Adams
|
0-0: SINGLE (Groundball, 6D, EV 98.1 MPH) Edgar Trejo to third Workneh Lagat to second
|
Batting: RHB Andrew Pride
|
0-0: Swinging Strike 0-1: Foul Ball, location: 2F 0-2: Strikes out swinging
|
Batting: RHB Masaru Konno
|
0-0: Ball 1-0: Ball 2-0: Foul Ball, location: 2F 2-1: DOUBLE (Line Drive, 78D, EV 108.1 MPH) Edgar Trejo scores Workneh Lagat scores Matthew Adams to third
|
Batting: RHB Adrian Martinelli
|
0-0: Reached on error, E5 (Groundball, 5L, EV 106.2 MPH) Matthew Adams scores Masaru Konno scores
|
Batting: RHB Sean Mounts
|
0-0: Called Strike 0-1: Called Strike 0-2: Ball 1-2: Fly out, F3 (Popup, 3S, EV 85.0 MPH)
|
Batting: RHB Ryan Salas
|
0-0: Ball 1-0: Ground out 5-3 (Groundball, 56, EV 102.5 MPH)
|
Bottom of the 1st over - 4 runs, 4 hits, 1 error, 1 left on base; Trenton 0 - Corpus Christi 4 |
TOP OF THE 2ND |
Trenton Thunder batting - Pitching for Corpus Christi Hooks : RHP Michael Bruce
|
Batting: SHB David Stewart
|
0-0: Foul Ball, location: 2F 0-1: Ball 1-1: Ball 2-1: Ball 3-1: Ground out 4-3 (Groundball, 4M, EV 85.0 MPH)
|
Batting: RHB Sam Hubbert
|
0-0: Ball 1-0: Ground out 6-3 (Groundball, 6, EV 80.0 MPH)
|
Batting: RHB Christian Shearer
|
0-0: Swinging Strike 0-1: Swinging Strike 0-2: Ball 1-2: Ball 2-2: Ball 3-2: Strikes out swinging
|
Top of the 2nd over - 0 runs, 0 hits, 0 errors, 0 left on base; Trenton 0 - Corpus Christi 4 |
BOTTOM OF THE 2ND |
Corpus Christi Hooks batting - Pitching for Trenton Thunder : LHP Omar Quinones
|
Batting: RHB Reginald McDougall
|
0-0: Called Strike 0-1: Ball 1-1: Ground out U3 (Groundball, 3, EV 103.8 MPH)
|
Batting: RHB Edgar Trejo
|
0-0: Ball 1-0: Called Strike 1-1: Ball 2-1: Ground out 5-3 (Groundball, 5, EV 86.2 MPH)
|
Batting: RHB Workneh Lagat
|
0-0: Ball 1-0: Ball 2-0: Called Strike 2-1: Ground out 4-3 (Groundball, 4, EV 84.4 MPH)
|
Bottom of the 2nd over - 0 runs, 0 hits, 0 errors, 0 left on base; Trenton 0 - Corpus Christi 4 |
TOP OF THE 3RD |
Trenton Thunder batting - Pitching for Corpus Christi Hooks : RHP Michael Bruce
|
Batting: RHB Javier Umanzor
|
0-0: Swinging Strike 0-1: Called Strike 0-2: Foul Ball, location: 2F 0-2: Ball 1-2: Ball 2-2: Strikes out swinging
|
Batting: RHB Dale Altman
|
0-0: Ball 1-0: DOUBLE (Line Drive, 3D, EV 95.0 MPH)
|
Batting: RHB Phil Reeves
|
0-0: Fly out, F8 (Flyball, 8RXD, EV 90.6 MPH) Runner from 2nd tags up, SAFE at 3rd, no throw by CF
|
Batting: RHB Alex Colon
|
0-0: Ball 1-0: Ground out 5-3 (Groundball, 5L, EV 101.2 MPH)
|
Top of the 3rd over - 0 runs, 1 hit, 0 errors, 1 left on base; Trenton 0 - Corpus Christi 4 |
BOTTOM OF THE 3RD |
Corpus Christi Hooks batting - Pitching for Trenton Thunder : LHP Omar Quinones
|
Batting: RHB Matthew Adams
|
0-0: Ground out 1-3 (Groundball, 34S, EV 68.1 MPH)
|
Batting: RHB Andrew Pride
|
0-0: Ball 1-0: Swinging Strike 1-1: Ball 2-1: Foul Ball, location: 2F 2-2: Ball 3-2: Strikes out swinging
|
Batting: RHB Masaru Konno
|
0-0: Called Strike 0-1: Ball 1-1: Ground out 6-3 (Groundball, 6S, EV 86.2 MPH)
|
Bottom of the 3rd over - 0 runs, 0 hits, 0 errors, 0 left on base; Trenton 0 - Corpus Christi 4 |
TOP OF THE 4TH |
Trenton Thunder batting - Pitching for Corpus Christi Hooks : RHP Michael Bruce
|
Batting: LHB Bobby Upton
|
0-0: Ball 1-0: Called Strike 1-1: Ball 2-1: SINGLE (Groundball, 4M, EV 106.9 MPH) (infield hit)
|
Batting: RHB Jose Tovar
|
0-0: Foul Ball, location: 2F 0-1: Ball 1-1: Foul Ball, location: 2F 1-2: Ball 2-2: Ball 3-2: Fly out, F7 (Flyball, 78S, EV 78.8 MPH)
|
Batting: SHB David Stewart
|
0-0: Ball Bobby Upton steals 2nd base (no throw) 1-0: Ball 2-0: Foul Ball, location: 2F 2-1: Swinging Strike 2-2: Strikes out swinging
|
Batting: RHB Sam Hubbert
|
0-0: Ball 1-0: Called Strike 1-1: Ground out 6-3 (Groundball, 6M, EV 84.4 MPH)
|
Top of the 4th over - 0 runs, 1 hit, 0 errors, 1 left on base; Trenton 0 - Corpus Christi 4 |
BOTTOM OF THE 4TH |
Corpus Christi Hooks batting - Pitching for Trenton Thunder : LHP Omar Quinones
|
Batting: RHB Adrian Martinelli
|
0-0: Called Strike 0-1: Ball 1-1: Ball 2-1: SINGLE (Groundball, 56S, EV 75.6 MPH) (infield hit)
|
Batting: RHB Sean Mounts
|
0-0: SINGLE (Line Drive, 4M, EV 98.8 MPH) Adrian Martinelli to second
|
Batting: RHB Ryan Salas
|
0-0: Ball 1-0: Fielders Choice at 2nd, 5-4 (Groundball, 5, EV 97.5 MPH) Adrian Martinelli to third
|
Batting: RHB Reginald McDougall
|
0-0: Fielders Choice at 2nd, 1-4 (Groundball, 15, EV 65.0 MPH)
|
Batting: RHB Edgar Trejo
|
0-0: Called Strike 0-1: Ball 1-1: Foul Ball, location: 2F 1-2: Strikes out looking
|
Bottom of the 4th over - 0 runs, 2 hits, 0 errors, 2 left on base; Trenton 0 - Corpus Christi 4 |
TOP OF THE 5TH |
Trenton Thunder batting - Pitching for Corpus Christi Hooks : RHP Michael Bruce
|
Batting: RHB Christian Shearer
|
0-0: Ball 1-0: Foul Ball, location: 2F 1-1: Called Strike 1-2: Ball 2-2: Ball 3-2: SINGLE (Line Drive, 4MD, EV 100.0 MPH)
|
Batting: RHB Javier Umanzor
|
0-0: Ball 1-0: Called Strike 1-1: Called Strike 1-2: Strikes out looking
|
Batting: RHB Dale Altman
|
0-0: Called Strike 0-1: SINGLE (Groundball, 34S, EV 69.4 MPH) (infield hit) Christian Shearer to second
|
Batting: RHB Phil Reeves
|
0-0: Called Strike 0-1: Ball 1-1: Foul Ball, location: 2F 1-2: Strikes out swinging
|
Batting: RHB Alex Colon
|
0-0: Ball 1-0: Fielders Choice at 2nd, 6-4 (Groundball, 6, EV 84.4 MPH)
|
Top of the 5th over - 0 runs, 2 hits, 0 errors, 2 left on base; Trenton 0 - Corpus Christi 4 |
BOTTOM OF THE 5TH |
Corpus Christi Hooks batting - Pitching for Trenton Thunder : LHP Omar Quinones
|
Batting: RHB Workneh Lagat
|
0-0: Ball 1-0: Swinging Strike 1-1: SINGLE (Line Drive, 9S, EV 95.6 MPH)
|
Batting: RHB Matthew Adams
|
0-0: Ball 1-0: Ball 2-0: Ball 3-0: Base on Balls Workneh Lagat to second
|
Batting: RHB Andrew Pride
|
0-0: Ball 1-0: Fielders Choice at 2nd, 1-6 (Groundball, 34S, EV 71.2 MPH) Workneh Lagat to third
|
Batting: RHB Masaru Konno
|
0-0: Called Strike Andrew Pride steals 2nd base 0-1: Fly out, F9 (Flyball, 89S, EV 88.1 MPH)
|
Batting: RHB Adrian Martinelli
|
0-0: Ground out 6-3 (Groundball, 6, EV 98.1 MPH)
|
Bottom of the 5th over - 0 runs, 1 hit, 0 errors, 2 left on base; Trenton 0 - Corpus Christi 4 |
TOP OF THE 6TH |
Trenton Thunder batting - Pitching for Corpus Christi Hooks : RHP Michael Bruce
|
Batting: LHB Bobby Upton
|
0-0: Foul Ball, location: 2F 0-1: Foul Ball, location: 2F 0-2: Foul Ball, location: 2F 0-2: Ball 1-2: Foul Ball, location: 2F 1-2: Foul Ball, location: 2F 1-2: Strikes out swinging
|
Batting: RHB Jose Tovar
|
0-0: Called Strike 0-1: Ground out 6-3 (Groundball, 6, EV 84.4 MPH)
|
Batting: SHB David Stewart
|
0-0: SINGLE (Flyball, 56D, EV 90.0 MPH)
|
Batting: RHB Sam Hubbert
|
0-0: Ball 1-0: Called Strike 1-1: Called Strike 1-2: Strikes out swinging
|
Top of the 6th over - 0 runs, 1 hit, 0 errors, 1 left on base; Trenton 0 - Corpus Christi 4 |
BOTTOM OF THE 6TH |
Corpus Christi Hooks batting - Pitching for Trenton Thunder : LHP Omar Quinones
|
Batting: RHB Sean Mounts
|
0-0: Called Strike 0-1: Ground out 4-3 (Groundball, 4, EV 97.5 MPH)
|
Batting: RHB Ryan Salas
|
0-0: Ball 1-0: Called Strike 1-1: Ground out 4-3 (Groundball, 4, EV 100.6 MPH)
|
Batting: RHB Reginald McDougall
|
0-0: Ball 1-0: Ground out 5-3 (Groundball, 56, EV 85.6 MPH)
|
Bottom of the 6th over - 0 runs, 0 hits, 0 errors, 0 left on base; Trenton 0 - Corpus Christi 4 |
TOP OF THE 7TH |
Trenton Thunder batting - Pitching for Corpus Christi Hooks : RHP Michael Bruce
|
Batting: RHB Christian Shearer
|
0-0: Foul Ball, location: 2F 0-1: Ball 1-1: Ball 2-1: SINGLE (Groundball, 6MD, EV 107.5 MPH)
|
Batting: RHB Javier Umanzor
|
0-0: Ball Christian Shearer steals 2nd base (no throw) 1-0: Ball 2-0: Ground out 1-3 (Groundball, 15S, EV 72.5 MPH)
|
Batting: RHB Dale Altman
|
0-0: Ground out 6-3 (Groundball, 6S, EV 78.8 MPH) Christian Shearer to third
|
Pitching: LHP Mike Holloway
|
|
Batting: RHB Phil Reeves
|
0-0: Foul Ball, location: 2F 0-1: Ball Wild Pitch! Christian Shearer scores 1-1: TRIPLE (Line Drive, 89XD, EV 115.0 MPH)
|
Batting: RHB Alex Colon
|
0-0: Called Strike 0-1: Ball 1-1: Fly out, F7 (Flyball, 7LM, EV 95.6 MPH)
|
Top of the 7th over - 1 run, 2 hits, 0 errors, 1 left on base; Trenton 1 - Corpus Christi 4 |
BOTTOM OF THE 7TH |
Corpus Christi Hooks batting - Pitching for Trenton Thunder : LHP Omar Quinones
|
Batting: RHB Edgar Trejo
|
0-0: Ball 1-0: Ball 2-0: Ball 3-0: Base on Balls
|
Batting: RHB Workneh Lagat
|
0-0: Swinging Strike 0-1: Called Strike 0-2: Strikes out swinging
|
Pitching: RHP Joe Shaw
|
|
Batting: RHB Matthew Adams
|
0-0: Ball 1-0: Fielders Choice at 2nd, 6-4 (Groundball, 6, EV 84.4 MPH)
|
Batting: RHB Andrew Pride
|
0-0: Foul Ball, location: 2F 0-1: Ball 1-1: Ball 2-1: Foul Ball, location: 2F 2-2: SINGLE (Groundball, 4MD, EV 100.0 MPH) Matthew Adams to second
|
Batting: RHB Masaru Konno
|
0-0: Swinging Strike 0-1: Swinging Strike 0-2: Strikes out swinging
|
Bottom of the 7th over - 0 runs, 1 hit, 0 errors, 2 left on base; Trenton 1 - Corpus Christi 4 |
TOP OF THE 8TH |
Trenton Thunder batting - Pitching for Corpus Christi Hooks : LHP Mike Holloway
|
Batting: LHB Bobby Upton
|
0-0: Called Strike 0-1: Ball 1-1: Called Strike 1-2: Ball 2-2: Ball 3-2: Strikes out looking
|
Batting: RHB Jose Tovar
|
0-0: Called Strike 0-1: Called Strike 0-2: Strikes out swinging
|
Batting: SHB David Stewart
|
0-0: Ball 1-0: Called Strike 1-1: Foul Ball, location: 2F 1-2: Ball 2-2: Ball 3-2: Ground out 5-3 (Groundball, 56, EV 98.1 MPH)
|
Top of the 8th over - 0 runs, 0 hits, 0 errors, 0 left on base; Trenton 1 - Corpus Christi 4 |
BOTTOM OF THE 8TH |
Corpus Christi Hooks batting - Pitching for Trenton Thunder : RHP Joe Shaw
|
Batting: RHB Adrian Martinelli
|
0-0: Called Strike 0-1: Ball 1-1: SINGLE (Line Drive, 7LM, EV 104.4 MPH)
|
Batting: RHB Sean Mounts
|
0-0: Sac Bunt to 5S - play at first, batter OUT! 5-3 Adrian Martinelli to second
|
Batting: RHB Ryan Salas
|
0-0: Called Strike 0-1: Called Strike 0-2: Foul Ball, location: 2F 0-2: Ball Wild Pitch! Adrian Martinelli to third 1-2: Reached on error, E3 (Groundball, 34, EV 102.5 MPH) Adrian Martinelli scores
|
Batting: RHB Reginald McDougall
|
0-0: Called Strike 0-1: Ball 1-1: Swinging Strike 1-2: Ball 2-2: Grounds into double play, 4-6-3 (Groundball, 4, EV 105.6 MPH)
|
Bottom of the 8th over - 1 run, 1 hit, 1 error, 0 left on base; Trenton 1 - Corpus Christi 5 |
TOP OF THE 9TH |
Trenton Thunder batting - Pitching for Corpus Christi Hooks : LHP Mike Holloway
|
Pitching: LHP Miguel Yepez
|
|
Batting: RHB Sam Hubbert
|
0-0: Ball 1-0: Ground out 5-3 (Groundball, 5, EV 88.8 MPH)
|
Batting: RHB Christian Shearer
|
0-0: Ball 1-0: Ball 2-0: Ball 3-0: Called Strike 3-1: Base on Balls
|
Batting: RHB Javier Umanzor
|
0-0: Ball 1-0: Called Strike 1-1: Called Strike 1-2: Strikes out swinging
|
Batting: RHB Dale Altman
|
0-0: Called Strike 0-1: Foul Ball, location: 2F 0-2: Ball 1-2: Ball 2-2: Strikes out looking
|
Top of the 9th over - 0 runs, 0 hits, 0 errors, 1 left on base; Trenton 1 - Corpus Christi 5 |
|